 Dungeon Crawl Stone Soup version 0.22-a0-402-ga933591 (webtiles) character file.

9342 Mgcat the Grappler (level 11, -2/117 HPs)
             Began as a Troll Berserker on May 7, 2018.
             Was an Elder of Trog.
             Slain by an eight-headed hydra (10 damage)
             ... on level 11 of the Dungeon.
             The game lasted 00:20:47 (7775 turns).

Mgcat the Grappler (Troll Berserker)                Turns: 7775, Time: 00:20:47

Health: -2/117     AC:  8    Str: 30    XL:     11   Next: 21%
Magic:  10/10      EV: 12    Int:  3    God:    Trog [****..]
Gold:   277        SH:  0    Dex:  9    Spells: 10/10 levels left

rFire    . . .     SeeInvis .     - Unarmed
rCold    . . .     Gourm    +   (no shield)
rNeg     . . .     Faith    .   y - +0 robe
rPois    .         Spirit   .   (helmet restricted)
rElec    .         Reflect  .   c - +2 cloak
rCorr    .         Harm     .   (gloves unavailable)
MR       .....                  (boots unavailable)
Stlth    +.........             (no amulet)
HPRegen  0.69/turn              (no ring)
MPRegen  0.12/turn              (no ring)

@: no status effects
A: large, unfitting armour, claws 3, fast metabolism 3, gourmand, regeneration
1, shaggy fur 1, tough skin 2
a: Berserk, Trog's Hand, Brothers in Arms, Renounce Religion


You were on level 11 of the Dungeon.
You worshipped Trog.
Trog was greatly pleased with you.
You were very full.

You visited 1 branch of the dungeon, and saw 11 of its levels.

You collected 658 gold pieces.
You spent 381 gold pieces at shops.

Inventory:

Hand Weapons
 j - a +1 spear of draining
   (You took it off a gnoll on level 2 of the Dungeon)
Missiles
 w - 5 large rocks (quivered) {!d}
 B - a throwing net {=f, !d}
Armour
 c - a +2 cloak (worn)
   (You found it on level 1 of the Dungeon)
 y - a +0 robe (worn)
   (You found it on level 6 of the Dungeon)
Wands
 k - a wand of polymorph (13)
   (You found it on level 9 of the Dungeon)
 r - a wand of flame (28)
   (You found it on level 9 of the Dungeon)
 t - a wand of paralysis (8)
   (You found it on level 8 of the Dungeon)
 v - a wand of digging (35)
   (You took it off Ijyb on level 5 of the Dungeon)
 z - a wand of enslavement (16)
   (You found it on level 7 of the Dungeon)
 D - a wand of disintegration (12)
   (You found it on level 10 of the Dungeon)
Scrolls
 a - a scroll of blinking {!r}
 e - 4 scrolls of immolation {!r}
 f - 3 scrolls of magic mapping {!r}
 i - 9 scrolls of teleportation
 m - a scroll of remove curse
 s - a scroll of fear
 E - a scroll of enchant armour
Potions
 g - 2 potions of berserk rage {unknown}
 h - a potion of heal wounds
 l - 6 potions of curing
 o - 3 potions of invisibility
 p - a potion of lignification {!q}
 q - a potion of cancellation {unknown}
 u - a potion of might
 x - a potion of flight
 A - 2 potions of ambrosia
 C - a potion of agility {unknown}
Comestibles
 b - 19 rations
 d - 12 chunks of flesh {@w0}


   Skills:
 + Level 9.7 Fighting
 + Level 7.3 Dodging
 + Level 11.3 Unarmed Combat


You had 10 spell levels left.
You didn't know any spells.

Dungeon Overview and Level Annotations

Branches:
Dungeon (11/15)            Temple (0/1) D:4            Lair (0/6) D:8
    Orc (0/2) D:9

Altars:
Ashenzari
Fedhas
Gozag
Nemelex Xobeh
Okawaru
Trog
Wu Jian
Zin
The Shining One

Shops:
D:7 :   D:10 *?

Portals:
Trove: D:10 (give +3 shadow dragon scales)


Innate Abilities, Weirdness & Mutations

You are too large for most types of armour.
You have claws for hands.
Your metabolism is lightning-fast.
You like to eat raw meat.
Your natural rate of healing is unusually fast.
You are covered in fur. (AC +1)
You have very tough skin. (AC +2)


Message History

Aim: a seven-headed hydra (lightly wounded, chance to defeat MR: 15%)
The seven-headed hydra resists with almost no effort.
Evoke which item? (* to show all) (? for menu, Esc to quit)
Aiming: Paralyse
Press: ? - help, Shift-Dir - straight line, f/p - seven-headed hydra
Aim: a seven-headed hydra (lightly wounded, chance to defeat MR: 15%)
The seven-headed hydra resists with almost no effort.
The seven-headed hydra bites you!
The seven-headed hydra barely misses you. x2
The seven-headed hydra misses you. x2
The seven-headed hydra closely misses you.
The seven-headed hydra bites you.
Evoke which item? (* to show all) (? for menu, Esc to quit)
Aiming: Cloud Cone
Press: ? - help, Dir - move target cursor, f/p - seven-headed hydra
Aim: a seven-headed hydra (lightly wounded)
You create a blast of freezing vapour!
The seven-headed hydra is engulfed in freezing vapours.
The seven-headed hydra barely misses you.
The seven-headed hydra bites you!
The seven-headed hydra closely misses you.
The seven-headed hydra bites you.
The seven-headed hydra completely misses you.
The seven-headed hydra bites you.
The seven-headed hydra closely misses you.
Evoke which item? (* to show all) (? for menu, Esc to quit)
Aiming: Cloud Cone
Press: ? - help, Dir - move target cursor, f/p - seven-headed hydra
Aim: a seven-headed hydra (freezing vapour, lightly wounded)
You create a blast of freezing vapour!
The seven-headed hydra is engulfed in freezing vapours.
The seven-headed hydra barely misses you.
The seven-headed hydra bites you! x2
The seven-headed hydra barely misses you.
The seven-headed hydra bites you but does no damage. x2
The seven-headed hydra bites you.
Evoke which item? (* to show all) (? for menu, Esc to quit)
Aiming: Cloud Cone
Press: ? - help, Dir - move target cursor, f/p - seven-headed hydra
Aim: a seven-headed hydra (freezing vapour, moderately wounded)
You create a blast of noxious fumes!
The seven-headed hydra is engulfed in freezing vapours.
The seven-headed hydra barely misses you.
The seven-headed hydra bites you. The seven-headed hydra bites you!
The seven-headed hydra bites you.
The seven-headed hydra bites you but does no damage.
The seven-headed hydra barely misses you.
The seven-headed hydra bites you but does no damage.
Evoke which item? (* to show all) (? for menu, Esc to quit)
Aiming: Cloud Cone
Press: ? - help, Dir - move target cursor, f/p - seven-headed hydra
Aim: a seven-headed hydra (freezing vapour, heavily wounded)
You create a blast of freezing vapour!
The seven-headed hydra is engulfed in freezing vapours.
The seven-headed hydra seems to slow down.
The seven-headed hydra closely misses you.
The seven-headed hydra bites you.
The seven-headed hydra bites you but does no damage.
The seven-headed hydra bites you. The seven-headed hydra bites you! x2
* * * LOW HITPOINT WARNING * * *
The seven-headed hydra misses you.
The seven-headed hydra is engulfed in freezing vapours.
There is a stone staircase leading up here.
Evoke which item? (* to show all) (? for menu, Esc to quit)
Aiming: Cloud Cone
Press: ? - help, Dir - move target cursor, f/p - seven-headed hydra
Aim: a seven-headed hydra (almost dead, slow)
You create a blast of noxious fumes!
The now-empty wand crumbles to dust.
Evoke which item? (* to show all) (? for menu, Esc to quit)
Aiming: Throw Flame
Press: ? - help, Shift-Dir - straight line, f/p - seven-headed hydra
Aim: a seven-headed hydra (almost dead, slow)
The puff of flame hits the seven-headed hydra.
The seven-headed hydra is almost dead.
The seven-headed hydra is no longer moving slowly.
Evoke which item? (* to show all) (? for menu, Esc to quit)
Aiming: Throw Flame
Press: ? - help, Shift-Dir - straight line, f/p - seven-headed hydra
Aim: a seven-headed hydra (almost dead)
The puff of flame hits the seven-headed hydra.
The seven-headed hydra is almost dead.
You barely miss the seven-headed hydra.
The seven-headed hydra is almost dead.
The seven-headed hydra barely misses you.
The seven-headed hydra bites you.
* * * LOW HITPOINT WARNING * * *
The seven-headed hydra bites you.
* * * LOW HITPOINT WARNING * * *
The seven-headed hydra bites you.
* * * LOW HITPOINT WARNING * * *
The seven-headed hydra closely misses you.
The seven-headed hydra bites you!
* * * LOW HITPOINT WARNING * * *
The seven-headed hydra bites you!
* * * LOW HITPOINT WARNING * * *
You rip one of the seven-headed hydra's heads off!
The six-headed hydra grows two more!
You claw the eight-headed hydra!
The eight-headed hydra is almost dead.
The eight-headed hydra bites you!
You die...

#.# #.# #.# #.# #.# #.# #.#
##+## #.# #.# ##...## #.#
#.#### ##.....## # ..# #.##.##
##.......## ...
#####.#...####.........###.....
(((.)........+..@D....§§.......
#####.#...####.......<§###....#
#..#...## ##....†..## .##
##.###..# ##.....## #.## ##.#
##...## ##.###..# ##'########
#..#.#.# #......... #.#.##.#
#.#######. #......# ##.##


You could see an eight-headed hydra.

Vanquished Creatures
  The ghost of Mgcat the Grappler, a journeyman TrBe of Trog (D:10)
  2 two-headed ogres
  The ghost of iamserjio the Slinger, a novice HaHu of Okawaru (D:8)
  A centaur zombie (D:11)
  A gargoyle (D:10)
  A guardian mummy (D:10)
  2 hippogriffs
  A vampire (D:10)
  5 yaks (D:11)
  Menkaure (D:5)
  A hell hound (D:8)
  A water moccasin (D:11)
  2 sky beasts
  An orc warrior (D:6)
  3 ice beasts
  2 black bears
  3 necrophages
  4 ogres
  A phantom (D:11)
  3 centaurs
  Blork the orc (D:5)
  A big kobold (D:9)
  3 bullfrogs
  A wyvern skeleton (D:10)
  6 killer bees (D:8)
  A scorpion (D:9)
  2 howler monkeys
  3 wights (D:11)
  2 crimson imps
  3 jellies
  A quasit (D:8)
  Crazy Yiuf (D:6)
  4 bullfrog zombies
  2 centaur skeletons
  2 bullfrog skeletons (D:6)
  7 orc priests
  6 hounds
  Jessica (D:3)
  4 orc wizards
  Ijyb (D:5)
  2 iguanas
  7 worker ants
  3 worker ant zombies
  6 gnolls
  A howler monkey skeleton (D:5)
  9 adders
  A shadow imp (D:7)
  3 adder skeletons
  2 dart slugs (D:3)
  2 leopard geckos
  36 orcs
  3 giant cockroaches
  10 goblins
  9 hobgoblins
  10 jackals
  2 quokkas
  A ball python (D:4)
  5 bats
  5 frilled lizards
  13 kobolds
  A quokka skeleton (D:8)
  A quokka zombie (D:5)
  8 rats
  A bush (D:7)
230 creatures vanquished.

Vanquished Creatures (collateral kills)
  A hell hound (D:8)
1 creature vanquished.

Grand Total: 231 creatures vanquished

Notes
Turn   | Place    | Note
-------+----------+-------------------------------------------
     0 | D:1      | Mgcat the Troll Berserker began the quest for the Orb.
     0 | D:1      | Reached XP level 1. HP: 22/22 MP: 0/0
   155 | D:1      | Reached XP level 2. HP: 29/29 MP: 1/1
   614 | D:2      | Reached skill level 3 in Fighting
   614 | D:2      | Reached XP level 3. HP: 27/37 MP: 2/2
   700 | D:2      | Reached ** piety under Trog
   786 | D:2      | Reached skill level 4 in Unarmed Combat
   786 | D:2      | Reached XP level 4. HP: 42/45 MP: 3/3
  1473 | D:3      | Noticed Jessica
  1480 | D:3      | Killed Jessica
  1480 | D:3      | Reached XP level 5. HP: 54/54 MP: 4/4
  1690 | D:3      | Reached skill level 4 in Fighting
  1963 | D:4      | Reached skill level 5 in Unarmed Combat
  2047 | D:4      | Found a staircase to the Ecumenical Temple.
  2104 | D:4      | Reached XP level 6. HP: 56/63 MP: 5/5
  2129 | D:4      | Reached *** piety under Trog
  2486 | D:5      | Entered Level 5 of the Dungeon
  2563 | D:5      | Reached skill level 5 in Fighting
  2563 | D:5      | Reached skill level 6 in Unarmed Combat
  2563 | D:5      | Reached XP level 7. HP: 72/72 MP: 6/6
  2584 | D:5      | HP: 18/72 [orc/dagger (1)]
  2772 | D:5      | Noticed Blork the orc
  2778 | D:5      | Killed Blork the orc
  3107 | D:5      | Noticed Ijyb
  3114 | D:5      | Killed Ijyb
  3114 | D:5      | Received a gift from Trog
  3150 | D:5      | Noticed Menkaure
  3158 | D:5      | Killed Menkaure
  3158 | D:5      | Reached skill level 7 in Unarmed Combat
  3373 | D:6      | Reached skill level 6 in Fighting
  3373 | D:6      | Reached XP level 8. HP: 83/83 MP: 7/7
  3609 | D:6      | Reached **** piety under Trog
  3721 | D:6      | Found a runed door.
  3801 | D:6      | Noticed Crazy Yiuf
  3805 | D:6      | Killed Crazy Yiuf
  3863 | D:7      | Reached skill level 8 in Unarmed Combat
  4020 | D:7      | Reached skill level 7 in Fighting
  4143 | D:7      | Found Pysewk's Book Shop.
  4146 | D:7      | Reached skill level 3 in Dodging
  4231 | D:7      | Found a blossoming altar of Fedhas.
  4258 | D:7      | Reached XP level 9. HP: 47/93 MP: 8/8
  4729 | D:8      | Found a staircase to the Lair.
  4877 | D:8      | Noticed iamserjio's ghost (novice HaHu)
  4928 | D:8      | HP: 22/93 [iamserjio's ghost (3)]
  4931 | D:8      | Killed iamserjio's ghost
  4931 | D:8      | Reached skill level 4 in Dodging
  4931 | D:8      | Reached skill level 9 in Unarmed Combat
  5163 | D:8      | Reached skill level 8 in Fighting
  5365 | D:8      | Noticed a two-headed ogre
  5376 | D:8      | Killed a two-headed ogre
  5376 | D:8      | Reached skill level 5 in Dodging
  5444 | D:8      | Reached XP level 10. HP: 105/105 MP: 9/9
  5515 | D:8      | Reached skill level 10 in Unarmed Combat
  5836 | D:9      | Found a staircase to the Orcish Mines.
  5837 | D:9      | Found an ornate altar of the Wu Jian Council.
  5837 | D:9      | Found a sparkling altar of Nemelex Xobeh.
  5842 | D:9      | Found a glowing silver altar of Zin.
  5916 | D:9      | Found an iron altar of Okawaru.
  6070 | D:9      | Noticed a two-headed ogre
  6080 | D:9      | HP: 26/159 [two-headed ogre/giant spiked club (16)]
  6082 | D:9      | Killed a two-headed ogre
  6367 | D:9      | Found an opulent altar of Gozag.
  6460 | D:9      | Reached skill level 6 in Dodging
  6769 | D:9      | Found a shattered altar of Ashenzari.
  6769 | D:9      | Found a glowing golden altar of the Shining One.
  6799 | D:10     | Entered Level 10 of the Dungeon
  6805 | D:10     | Found Caseet's General Store.
  6816 | D:10     | Noticed Mgcat's ghost (journeyman TrBe)
  6825 | D:10     | Killed Mgcat's ghost
  6825 | D:10     | Reached skill level 9 in Fighting
  6860 | D:10     | Noticed a gargoyle
  6867 | D:10     | Killed a gargoyle
  6885 | D:10     | Found Naucs's Magic Scroll Shop.
  6928 | D:10     | Received a gift from Trog
  6978 | D:10     | Found a bloodstained altar of Trog.
  7095 | D:10     | Reached skill level 11 in Unarmed Combat
  7130 | D:10     | Bought a scroll of enchant armour for 127 gold pieces
  7130 | D:10     | Bought a scroll of enchant armour for 127 gold pieces
  7130 | D:10     | Bought a scroll of enchant armour for 127 gold pieces
  7201 | D:10     | Found a portal to a secret trove of treasure.
  7304 | D:10     | Reached XP level 11. HP: 94/115 MP: 10/10
  7532 | D:11     | Reached skill level 7 in Dodging
  7742 | D:11     | Noticed a seven-headed hydra
  7763 | D:11     | HP: 28/117 [seven-headed hydra (9)]
  7774 | D:11     | HP: 26/117 [seven-headed hydra (4)]
  7774 | D:11     | HP: 7/117 [seven-headed hydra (9)]
  7775 | D:11     | Slain by an eight-headed hydra

Vault maps used:
D:1:      evilmike_arrival_fibonacci_small, minmay_tetromino_t4
D:2:      first_ration, st_stairs_2
D:3:      minmay_misc_feat_square, uniq_jessica
D:4:      cheibrodos_pilgrimage, minmay_temple_entry_large_hall,
          kennysheep_generic_room_5
D:5:      uniq_menkaure, uniq_ijyb, uniq_blork_the_orc
D:6:      uniq_crazy_yiuf_cottage
D:7:      serial_shops, shop, fedhas_bush_and_centaur_altar
D:8:      minmay_lair_entry_lava, grunt_ogre_cave
D:9:      gammafunk_temple_overflow_pools, lemuel_doored_altar,
          grunt_temple_overflow_open, okawaru_altar_gauntlet_db, orc_0_dummy
D:10:     nicolae_trove_entry_path_of_doom, serial_shops, nicolae_shop_trees,
          shop, david_defended_altar_orc

Skill      XL: |  1  2  3  4  5  6  7  8  9 10 11 |
---------------+----------------------------------+-----
Fighting       | 3 4 5 6 7 8 9 |  9.7
Unarmed Combat | 4 5 6 7 8 9 11 | 11.3
Dodging        | 3 5 6 7 |  7.3

Action                   |  1- 3 |  4- 6 |  7- 9 | 10-12 || total
-------------------------+-------+-------+-------+-------++-------
Melee: Unarmed           |    99 |   136 |   310 |   197 ||   742
       Punch             |     1 |       |    12 |    11 ||    24
Invok: Berserk           |       |     4 |    10 |     6 ||    20
       Trog's Hand       |       |       |     5 |     1 ||     6
       Brothers in Arms  |       |       |     1 |       ||     1
Evoke: Wand              |       |       |       |    14 ||    14
  Use: Potion            |       |       |     2 |       ||     2
       Scroll            |       |       |       |    20 ||    20
 Stab: Distracted        |       |       |     1 |       ||     1
  Eat: Chunk             |     6 |    24 |    40 |    25 ||    95
       Ration            |       |       |       |     1 ||     1
Armor: Animal skin       |    39 |    30 |    41 |       ||   110
       Robe              |       |       |    56 |    47 ||   103
Dodge: Dodged            |    42 |    52 |   169 |   105 ||   368

Table legend:
 A = Spawn XP
 B = Non-spawn XP
 C = Spawn XP percentage of total XP
 D = Spawn monster count
 E = Non-spawn monster count
 F = Spawn count percentage of total count
 G = Total turns spent on level
                    A         B        C        D         E        F      G
               +---------+---------+-------+---------+---------+-------+---------
         Total |       0 |   13346 |   0.0 |       0 |     230 |   0.0 |  7775
               +---------+---------+-------+---------+---------+-------+---------
           D:1 |       0 |      26 |   0.0 |       0 |      15 |   0.0 |   582
           D:2 |       0 |     112 |   0.0 |       0 |      25 |   0.0 |   578
           D:3 |       0 |     135 |   0.0 |       0 |      25 |   0.0 |   733
           D:4 |       0 |     311 |   0.0 |       0 |      15 |   0.0 |   593
           D:5 |       0 |     734 |   0.0 |       0 |      25 |   0.0 |   819
           D:6 |       0 |     779 |   0.0 |       0 |      22 |   0.0 |   606
           D:7 |       0 |     813 |   0.0 |       0 |      17 |   0.0 |   784
           D:8 |       0 |    3315 |   0.0 |       0 |      28 |   0.0 |  1117
           D:9 |       0 |    1517 |   0.0 |       0 |      27 |   0.0 |  1008
          D:10 |       0 |    3311 |   0.0 |       0 |      17 |   0.0 |   663
          D:11 |       0 |    2293 |   0.0 |       0 |      14 |   0.0 |   292
               +---------+---------+-------+---------+---------+-------+---------

Vault maps used:
D:1:      evilmike_arrival_fibonacci_small, minmay_tetromino_t4
D:2:      first_ration, st_stairs_2
D:3:      minmay_misc_feat_square, uniq_jessica
D:4:      cheibrodos_pilgrimage, minmay_temple_entry_large_hall,
          kennysheep_generic_room_5
D:5:      uniq_menkaure, uniq_ijyb, uniq_blork_the_orc
D:6:      uniq_crazy_yiuf_cottage
D:7:      serial_shops, shop, fedhas_bush_and_centaur_altar
D:8:      minmay_lair_entry_lava, grunt_ogre_cave
D:9:      gammafunk_temple_overflow_pools, lemuel_doored_altar,
          grunt_temple_overflow_open, okawaru_altar_gauntlet_db, orc_0_dummy
D:10:     nicolae_trove_entry_path_of_doom, serial_shops, nicolae_shop_trees,
          shop, david_defended_altar_orc

Table legend:
 A = Turns spent in this place as a percentage of turns spent in the entire game.
 B = Non-inter-level travel turns spent in this place as a percentage of non-inter-level travel turns spent in the entire game.
 C = Inter-level travel turns spent in this place as a percentage of turns spent in this place.
 D = Turns resting spent in this place as a percentage of non-inter-level travel turns spent in this place.
 E = Turns spent auto-exploring this place as a percentage of non-inter-level travel turns spent in this place.
 F = Non-inter-level travel turns spent in this place divided by the number of levels of this place that you've seen.
                   A       B       C       D       E      F
               +-------+-------+-------+-------+-------+----------------------
         Total | 100.0 | 100.0 |   5.2 |   0.6 |  77.0 | 669.7
       Dungeon | 100.0 | 100.0 |   5.2 |   0.6 |  77.0 | 669.7
               +-------+-------+-------+-------+-------+----------------------

Table legend:
 A = Kills in this place as a percentage of kills in entire the game.
 B = Kills by you in this place as a percentage of kills by you in the entire game.
 C = Kills by friends in this place as a percentage of kills by friends in the entire game.
 D = Other kills in this place as a percentage of other kills in the entire game.
 E = Experience gained in this place as a percentage of experience gained in the entire game.
 F = Experience gained in this place divided by the number of levels of this place that you have seen.
                   A       B       C       D       E      F
               +-------+-------+-------+-------+-------+----------------------
         Total | 100.0 | 100.0 | 100.0 |   N/A | 100.0 | 1213.3
       Dungeon | 100.0 | 100.0 | 100.0 |   N/A | 100.0 | 1213.3
               +-------+-------+-------+-------+-------+----------------------
